 Dungeon Crawl Stone Soup version 0.21.0-34-g9234887 (webtiles) character file.

103 Mirai the Conjurer (level 4, -5/24 HPs)
             Began as a Deep Elf Conjurer on Jan 28, 2018.
             Slain by an orc
             ... wielding a +0 trident
              (7 damage)
             ... on level 3 of the Dungeon on Jan 29, 2018.
             The game lasted 00:13:56 (1667 turns).

Mirai the Conjurer (Deep Elf Conjurer)              Turns: 1667, Time: 00:13:58

Health: -5/24      AC:  4    Str:  5    XL:     4   Next: 51%
Magic:  7/12       EV: 13    Int: 21    God:
Gold:   73         SH:  0    Dex: 15    Spells: 5/12 levels left

rFire    + . .     SeeInvis .   B - +0 dagger
rCold    + . .     Gourm    .   (no shield)
rNeg     . . .     Faith    .   C - +2 robe {rC+ rF+}
rPois    .         Spirit   .   (no helmet)
rElec    .         Reflect  .   (no cloak)
rCorr    .         Harm     .   (no gloves)
MR       .....                  (no boots)
Stlth    ++........             j - amulet of regeneration
HPRegen  0.48/turn              (no ring)
MPRegen  0.13/turn              (no ring)

@: no status effects
A: no striking features
a: no special abilities


You were on level 3 of the Dungeon.
You were not hungry.

You visited 1 branch of the dungeon, and saw 3 of its levels.

You collected 73 gold pieces.

Inventory:

Hand Weapons
 z - a +0 hunting sling
 B - a +0 dagger (weapon)
Missiles
 e - 7 bolts
 r - 43 arrows
 u - 14 stones (quivered)
Armour
 h - a +1 leather armour
 C - a +2 robe of resistance (worn)
Jewellery
 d - an uncursed amulet of faith
 j - an amulet of regeneration (around neck)
Wands
 n - a wand of iceblast (7)
Scrolls
 a - a scroll of amnesia
 g - 2 scrolls of teleportation
 p - a scroll of identify
Potions
 k - a potion of might {unknown}
 l - a potion of curing {unknown}
 q - a potion of haste {unknown}
 t - a potion of ambrosia {unknown}
 w - a potion of flight {unknown}
Books
 b - a book of Conjurations

   Spells                             Type                      Level
   a - Magic Dart                     Conjuration                  1
   b - Searing Ray                    Conjuration                  2
   c - Dazzling Spray                 Conjuration/Hexes            3
   d - Fulminant Prism                Conjuration/Hexes            4
   e - Force Lance                    Conjuration/Translocation    4
   f - Iskenderun's Mystic Blast      Conjuration                  4
Comestibles
 c - 3 rations
 f - a chunk of flesh


   Skills:
 + Level 3.0 Dodging
 + Level 2.7 Stealth
 + Level 4.5 Spellcasting
 + Level 5.5 Conjurations


You had 5 spell levels left.
You knew the following spells:

 Your Spells              Type           Power        Failure   Level  Hunger
a - Magic Dart            Conj           ####         1%          1    None
b - Searing Ray           Conj           ####..       1%          2    #......
c - Iskenderun's Mystic   Conj           ####....     11%         4    ####...


Dungeon Overview and Level Annotations

Branches:
Dungeon (3/15)

Altars:
Fedhas
Trog


Message History

Aim: a kobold The orb of energy misses the kobold.
The adder bites you.
The frilled lizard bites you but does no damage.
The orc closely misses you. The orc misses you. The orc closely misses you.
Casting: Iskenderun's Mystic Blast
Confirm with . or Enter, or press ? or * to list all spells.
Aiming: Magic Dart
Press: ? - help, Shift-Dir - straight line, p - kobold The magic dart hits the kobold.
The kobold is severely wounded.
The adder bites you but does no damage. The frilled lizard bites you.
The orc misses you. The kobold hits you. The orc barely misses you.
The orc hits you with a flail! The adder barely misses you.
The orc hits you with a short sword.
* * * LOW HITPOINT WARNING * * *
The frilled lizard bites you but does no damage.
The kobold hits you but does no damage. The adder bites you.
* * * LOW HITPOINT WARNING * * *
The orc hits you from afar with a trident!
You die...

.........#.##
............###
...............
...........?.!.
.......l.......
...............
.....o.oS......
.......@K......
......l.o...%..
..%............
...[...######..
##..... #
...#### #.# ##


You could see an adder, 3 orcs, a kobold and 2 frilled lizards.

Vanquished Creatures
  An orc wizard (D:2)
  2 adders (D:2)
  An ooze (D:2)
  A dart slug (D:1)
  3 leopard geckos
  An orc (D:2)
  2 giant cockroaches (D:2)
  6 goblins
  7 hobgoblins
  5 kobolds
  3 ball pythons
  10 bats
  2 frilled lizards
  7 rats
51 creatures vanquished.

Notes
Turn   | Place    | Note
-------+----------+-------------------------------------------
     0 | D:1      | Mirai the Deep Elf Conjurer began the quest for the Orb.
     0 | D:1      | Reached XP level 1. HP: 10/10 MP: 6/6
   104 | D:1      | Reached XP level 2. HP: 4/15 MP: 1/8
   257 | D:1      | Reached skill level 5 in Conjurations
   592 | D:1      | Reached XP level 3. HP: 19/19 MP: 0/9
   885 | D:2      | Found a faded altar of an unknown god.
   909 | D:2      | Upgraded the game from 0.21.0-30-g47ce8e4 to 0.21.0-34-g9234887
   936 | D:2      | Learned a level 2 spell: Searing Ray
  1308 | D:2      | Found a bloodstained altar of Trog.
  1310 | D:2      | Found a blossoming altar of Fedhas.
  1523 | D:2      | Reached XP level 4. HP: 24/24 MP: 6/12
  1562 | D:2      | Learned a level 4 spell: Iskenderun's Mystic Blast
  1667 | D:3      | Slain by an orc

Skill      XL: |  1  2  3  4 |
---------------+-------------+-----
Conjurations   | 5 |  5.5
Spellcasting   | 4 |  4.5
Dodging        | 3 |  3.0
Stealth        | |  2.7

Action                   |  1- 3 |  4- 6 || total
-------------------------+-------+-------++-------
Melee: Dagger            |     3 |       ||     3
 Cast: Magic Dart        |    92 |     6 ||    98
       Iskenderun's Myst |       |     1 ||     1
       Searing Ray       |       |     1 ||     1
  Use: Scroll            |     7 |       ||     7
  Eat: Chunk             |     2 |       ||     2
Armor: Robe              |    12 |    10 ||    22
       Leather armour    |     2 |       ||     2
Dodge: Dodged            |    37 |    14 ||    51
Block: Buckler           |     1 |       ||     1
